AoeStats
← kaib1249

Arabia

505984473Analyzed
2v2 RM · 19d ago on Sep 11, 2026· 67m 6s· 4 players
Game mode
Random Map
Map size
Medium (4 player)
Population
200
Speed
Normal
Resources
Standard
Victory
Conquest
Starting age
Dark Age
Ending age
Imperial Age
RankedLock teamsTeams togetherTeam positionsShared explorationLock speedFull tech treeHidden civsTurbo modeCheats
Victory
Defeat
🇺🇸 Persians · United States
796
+38
🇺🇸 Tatars · United States
787
+39
🇵🇹 Persians · Portugal
854
-18
🇵🇹 Wei · Portugal
783
-16
harpua44
7:01 Loom
9:02 Feudal Age
12:45 Double-Bit Axe
18:10 Bloodlines
21:19 Castle Age
20:42 Bloodlines
20:18 Horse Collar
20:47 Scale Barding Armor
20:40 Gold Mining
21:51 Husbandry
26:13 Bow Saw
35:26 Forging
35:37 Chain Barding Armor
35:49 Heavy Plow
38:45 Iron Casting
40:48 Imperial Age
40:21 Wheelbarrow
39:31 Town Watch
41:43 Plate Barding Armor
44:02 Two-Man Saw
43:40 Gold Shaft Mining
43:03 Cavalier
48:34 Padded Archer Armor
48:24 Fletching
49:37 Blast Furnace
49:54 Savar
52:23 Crop Rotation
55:27 Stone Mining
57:06 Light Cavalry
kaib1249
12:48 Feudal Age
13:13 Double-Bit Axe
19:07 Castle Age
17:50 Fletching
22:43 Crossbowman
24:23 Bodkin Arrow
28:44 Ballistics
28:48 Masonry
28:45 Padded Archer Armor
35:55 Imperial Age
33:15 Town Watch
38:07 Conscription
39:32 Bracer
39:47 Leather Archer Armor
39:56 Bow Saw
42:47 Wheelbarrow
42:31 Timurid Siegecraft
45:50 Timurid Siegecraft
52:17 Hand Cart
54:32 Loom
54:56 Town Patrol
56:34 Illumination
Sir KuBo PC
1:33 Loom
15:03 Feudal Age
15:32 Arson
20:06 Wheelbarrow
19:15 Horse Collar
21:57 Gold Mining
23:15 Double-Bit Axe
29:45 Castle Age
28:20 Bloodlines
29:32 Fletching
29:54 Forging
29:44 Scale Mail Armor
29:45 Padded Archer Armor
29:50 Scale Barding Armor
30:40 Bow Saw
30:37 Heavy Plow
30:44 Stone Mining
31:09 Squires
31:22 Pikeman
33:03 Bodkin Arrow
40:34 Hand Cart
42:33 Husbandry
43:57 Masonry
44:49 Gold Shaft Mining
45:00 Thumb Ring
50:06 Imperial Age
47:39 Tuntian
47:02 Light Cavalry
47:32 Elite Skirmisher
49:36 Heated Shot
50:07 Ballistics
49:59 Fortified Wall
51:30 Stone Shaft Mining
52:05 Hoardings
54:57 Chemistry
53:53 Heavy Hei Guang Cavalry
56:26 Parthian Tactics
56:14 Murder Holes
56:43 Conscription
58:16 Halberdier
63:57 Elite Tiger Cavalry
65:03 Ming Guang Armor
65:56 Ming Guang Armor
BlueDragon_Tuga
7:33 Loom
9:28 Feudal Age
10:27 Double-Bit Axe
14:43 Horse Collar
22:06 Castle Age
20:33 Stone Mining
20:36 Gold Mining
20:44 Fletching
23:30 Bodkin Arrow
23:35 Padded Archer Armor
23:40 Husbandry
23:50 Bloodlines
24:42 Bow Saw
27:43 Heavy Plow
28:45 Kamandaran
29:50 Crossbowman
30:36 Thumb Ring
31:23 Town Watch
33:36 Leather Archer Armor
37:57 Wheelbarrow
40:04 Gold Shaft Mining
41:46 Hand Cart
46:43 Imperial Age
46:13 Ballistics
50:07 Chemistry
54:17 Ring Archer Armor
53:48 Scale Mail Armor
Connection lost

Rejoining the realm…

Still unreachable

The connection could not be restored.

Session expired

The server has moved on; the page needs a fresh start.